 Dungeon Crawl Stone Soup version 0.27-a0-1555-g0e7b3fb1d2 (webtiles) character file.

Game seed: 6376771250006323039

6686 freelancePsychic the Grappler (level 10, -1/87 HPs)
             Began as a Demonspawn Artificer on July 15, 2021.
             Was a Believer of Nemelex Xobeh.
             Slain by a centaur warrior (6 damage)
             ... on level 9 of the Dungeon.
             The game lasted 00:21:18 (13365 turns).

freelancePsychic the Grappler (DsAr)               Turns: 13365, Time: 00:21:19

Health: -1/87      AC: 12    Str: 23    XL:     10   Next: 73%
Magic:  15/15      EV: 11    Int: 12    God:    Nemelex Xobeh [**....]
Gold:   213        SH:  4    Dex: 14    Spells: 9/9 levels left

rFire    . . .     SeeInvis .     - Unarmed
rCold    + . .     Faith    +   (no shield)
rNeg     . . .     Spirit   .   w - +3 scale mail of Kelar {rElec rPois Str+7}
rPois    +         Reflect  .   (no helmet)
rElec    +         Harm     .   (no cloak)
rCorr    .         Rampage  .   (no gloves)
Will     .....                  (no boots)
Stlth    ..........             o - amulet of faith
HPRegen  0.24/turn              g - ring of protection from cold
MPRegen  0.14/turn              (no ring)

@: no status effects
A: claws 1, rugged brown scales 2, condensation shield
a: Renounce Religion, Draw Escape, Draw Destruction, Draw Summoning


You were on level 9 of the Dungeon.
You worshipped Nemelex Xobeh.
Nemelex Xobeh was pleased with you.
You visited 2 branches of the dungeon, and saw 10 of its levels.

You collected 393 gold pieces.
You spent 180 gold pieces at shops.

Inventory:

Armour
 b - a +0 leather armour
 w - the +3 scale mail of Kelar (worn) {rElec rPois Str+7}
   (You bought it in a shop on level 6 of the Dungeon)

   Str:       It affects your strength (+7).
   rElec:     It insulates you from electricity.
   rPois:     It protects you from poison.
 x - a +0 scale mail
 y - a +2 chain mail of poison resistance
Jewellery
 g - a ring of protection from cold (left claw)
 o - an amulet of faith (around neck)
Wands
 c - a wand of flame (4)
 d - a wand of charming (5)
 F - a wand of iceblast (6)
Scrolls
 f - 3 scrolls of vulnerability
 h - a scroll of holy word
 i - a scroll of enchant armour
 q - 4 scrolls of enchant weapon
 t - a scroll of amnesia
 A - a scroll of immolation
 B - a scroll of teleportation {@r4}
 C - a scroll of identify {@r1}
 H - 3 scrolls of fear
Potions
 j - a potion of lignification {unknown}
 k - 3 potions of attraction {unknown}
 l - a potion of resistance
 m - a potion of ambrosia {unknown}
 n - 2 potions of flight {unknown}
 p - 2 potions of degeneration {unknown}
 r - a potion of curing {@q1}
 s - 5 potions of heal wounds {unknown}
 u - a potion of cancellation {unknown}
 z - 2 potions of mutation {unknown}
 D - a potion of magic {unknown}
Miscellaneous
 e - a piece from Xom's chessboard (15/15)


   Skills:
 + Level 9.3 Fighting
 + Level 4.3 Armour
 - Level 3.2 Dodging
 - Level 0.9 Stealth
 + Level 10.0 Unarmed Combat
 - Level 7.3 Invocations
 - Level 3.0 Evocations


You had 9 spell levels left.
You didn't know any spells.
Your spell library contained the following spells:

 Spells                   Type           Power      Damage    Failure   Level
 Blink                    Tloc           N/A        N/A       77%         2
 Call Canine Familiar     Summ           0%         N/A       94%         3
 Inner Flame              Hex/Fire       0%         N/A       94%         3
 Portal Projectile        Hex/Tloc       0%         N/A       94%         3
 Summon Guardian Golem    Hex/Summ       0%         N/A       94%         3
 Cause Fear               Hex            0%         N/A       100%        4
 Leda's Liquefaction      Hex/Erth       0%         N/A       100%        4
 Manifold Assault         Tloc           0%         N/A       100%        5
 Conjure Ball Lightning   Conj/Air       0%         3x3d6     100%        6
 Orb of Destruction       Conj           0%         N/A       100%        7
 Spellforged Servitor     Conj/Summ      0%         N/A       100%        7
 Storm Form               Tmut/Air       0%         N/A       100%        7
 Discord                  Hex            0%         N/A       100%        8
 Disjunction              Tloc           0%         N/A       100%        8


Dungeon Overview and Level Annotations

Branches:
Dungeon (9/15)             Temple (1/1) D:6
   Lair: D:8-11         Orc: D:9-12

Altars:
Ashenzari
Cheibriados
Fedhas
Gozag
Hepliaklqana
Kikubaaqudgha
Nemelex Xobeh
Okawaru
Sif Muna
Vehumet
Wu Jian
Xom
Yredelemnul
Zin
The Shining One

Shops:
D:6 [   D:7 (=

Annotations:
D:3 2 runed translucent doors
D:4 Grinder
D:6 Maggie


Innate Abilities, Weirdness & Mutations

You have sharp fingernails.
You are mostly covered in rugged brown scales. (AC +2, +5% HP)
A meltable shield of frost defends you. (SH +4)


Message History

The bolt of acid misses the centaur warrior.
The deck of cards glows slightly and disappears.
The centaur warrior hits you but does no damage.
The centaur warrior kicks you but does no damage.
You draw a card...
You have drawn Velocity.
The centaur warrior seems to slow down.
The centaur warrior hits you but does no damage.
The centaur warrior kicks you but does no damage.
You claw the centaur warrior!
The centaur warrior is heavily wounded.
The centaur warrior hits you.
* * * LOW HITPOINT WARNING * * *
The centaur warrior kicks you.
* * * LOW HITPOINT WARNING * * *
You scratch the centaur warrior but do no damage.
The centaur warrior is heavily wounded.
The centaur warrior hits you.
* * * LOW HITPOINT WARNING * * *
The centaur warrior barely misses you.
You feel better. The centaur warrior hits you!
* * * LOW HITPOINT WARNING * * *
The centaur warrior completely misses you.
You scratch the centaur warrior.
The centaur warrior is heavily wounded.
The centaur warrior hits you but does no damage.
The centaur warrior kicks you but does no damage.
You draw a card...
You have drawn the Cloud.
Clouds appear around you! The centaur warrior hits you.
* * * LOW HITPOINT WARNING * * *
The centaur warrior kicks you but does no damage.
You barely miss the centaur warrior.
The centaur warrior is heavily wounded.
The centaur warrior hits you.
* * * LOW HITPOINT WARNING * * *
The centaur warrior kicks you but does no damage.
You draw a card...
You have drawn the Pentagram.
The deck of cards glows slightly and disappears.
The centaur warrior hits you.
You die...
Your body glows slightly and disappears.

..# ♣♣..♣♣ # ..#
♣♣....♣ #)..#
♣♣..♣♣..♣ .#.#♣♣
♣♣..♣♣ ♣..♣ ..#..
♣♣..♣♣ ♣..
#.#.♣♣♣♣#♣..♣♣ ♣.
#######.#§..).#..♣♣
♣
......).4c♣♣♣...♣♣
#######(#§@h..#♣♣
#c#§♣♣♣♣# #R#..
..#♣♣♣ ..# ...#
.#.#


You could see a centaur warrior (slow, ally target), a friendly rust devil
(summoned) and a friendly hell hound (summoned).

Vanquished Creatures
  Pikel (D:8)
  2 wyverns (D:9)
  A vampire (D:9)
  5 yaks
  Grum (D:8)
  3 vampire mosquitoes
  2 steam dragons
  Duvessa (D:4)
  3 water moccasins
  A sky beast (Temple)
  2 black bears
  3 orc warriors
  A necrophage (D:5)
  3 ogres (D:5)
  A boggart (D:9)
  4 wolves (D:8)
  2 centaurs (D:9)
  2 lemures (D:8)
  A kobold brigand (D:8)
  Blork the orc (D:4)
  2 scorpions
  5 bullfrogs
  5 wights
  6 howler monkeys
  An electric eel (D:9)
  A hound (D:5)
  A jelly (D:8)
  A scorpion zombie (D:5)
  2 iguanas
  6 orc wizards
  A killer bee zombie (D:8)
  A hound skeleton (D:4)
  A howler monkey zombie (D:9)
  3 gnolls (D:4)
  7 adders
  3 white imps
  An adder skeleton (D:4)
  A worm (D:3)
  6 dart slugs
  15 orcs
  6 bats
  5 endoplasms
  6 giant cockroaches
  2 hobgoblins
  11 kobolds
  7 ball pythons
  4 frilled lizards
  5 goblins
  5 rats
160 creatures vanquished.

Vanquished Creatures (collateral kills)
  A centaur warrior (D:9)
  A cyclops (D:9)
  A wyvern (D:9)
  A yak (D:9)
  A centaur (D:9)
  Dowan (D:4)
  An endoplasm (D:4)
7 creatures vanquished.

Vanquished Creatures (others)
  3 plants (D:9)
3 creatures vanquished.

Grand Total: 170 creatures vanquished

Notes
Turn   | Place    | Note
-------+----------+-------------------------------------------
     0 | D:1      | freelancePsychic the Demonspawn Artificer began the quest
                  | for the Orb.
     0 | D:1      | Reached XP level 1. HP: 15/15 MP: 1/1
   148 | D:1      | Gained mutation: You have sharp fingernails. [demonic
                  | ancestry]
   148 | D:1      | Reached XP level 2. HP: 22/22 MP: 2/2
   156 | D:1      | Found a faded altar of an unknown god.
  1073 | D:1      | Reached skill level 1 in Unarmed Combat
  1838 | D:1      | Reached XP level 3. HP: 26/27 MP: 3/3
  2470 | D:3      | Reached skill level 2 in Unarmed Combat
  2832 | D:3      | Reached XP level 4. HP: 30/34 MP: 4/4
  3786 | D:3      | Reached skill level 3 in Unarmed Combat
  3786 | D:3      | Gained mutation: A meltable shield of frost defends you.
                  | (SH +4) [demonic ancestry]
  3786 | D:3      | Reached XP level 5. HP: 27/41 MP: 5/5
  3968 | D:3      | Found a large runed translucent door.
  3968 | D:3      | Found a large runed translucent door.
  3968 | D:3      | Found a shimmering altar of Xom.
  4278 | D:4      | Noticed Duvessa
  4278 | D:4      | Noticed Dowan
  4289 | D:5      | Entered Level 5 of the Dungeon
  4650 | D:5      | Reached skill level 4 in Unarmed Combat
  4896 | D:5      | Noticed an ogre
  4949 | D:5      | Noticed a black bear
  5048 | D:4      | Killed Dowan
  5049 | D:4      | Gained mutation: You are partially covered in rugged brown
                  | scales. (AC +1, +3% HP) [demonic ancestry]
  5049 | D:4      | Reached XP level 6. HP: 39/49 MP: 6/6
  5224 | D:4      | Noticed Blork the orc
  5232 | D:4      | Killed Blork the orc
  5622 | D:4      | You fall into a shaft and drop 3 floors!
  5889 | D:6      | Noticed Maggie
  6135 | D:4      | Reached skill level 5 in Unarmed Combat
  6238 | D:4      | Noticed Grinder
  6427 | D:4      | Killed Duvessa
  6428 | D:4      | Reached XP level 7. HP: 39/56 MP: 7/7
  6664 | D:4      | Paralysed by Grinder for 7 turns
  7714 | D:5      | Reached skill level 5 in Fighting
  7714 | D:5      | Reached skill level 6 in Unarmed Combat
  7860 | D:5      | Found a sparkling altar of Nemelex Xobeh.
  7916 | D:5      | Reached XP level 8. HP: 25/63 MP: 8/8
  8121 | D:5      | Became a worshipper of Nemelex Xobeh the Trickster
  8166 | D:5      | Reached skill level 1 in Invocations
  8320 | D:6      | Reached skill level 7 in Unarmed Combat
  8333 | D:6      | Found Deix's Antique Armour Shop.
  8341 | D:6      | Bought a buzzing scale mail for 180 gold pieces
  8341 | D:6      | Identified the +3 scale mail of Kelar {rElec rPois Str+7}
                  | (You bought it in a shop on level 6 of the Dungeon)
  9040 | D:6      | Found a staircase to the Ecumenical Temple.
  9054 | Temple   | Entered the Ecumenical Temple
  9361 | D:7      | Gained mutation: You are mostly covered in rugged brown
                  | scales. (AC +2, +5% HP) [demonic ancestry]
  9361 | D:7      | Reached XP level 9. HP: 63/74 MP: 12/12
  9371 | D:6      | Reached skill level 8 in Unarmed Combat
  9766 | D:7      | Found a broken altar of Ashenzari.
  9832 | D:7      | Reached skill level 5 in Invocations
  9860 | D:7      | Reached * piety under Nemelex Xobeh
  9938 | D:7      | Found Veivorgh's Jewellery Emporium.
  9938 | D:7      | Found Vopefein's Antique Weapon Boutique.
 10474 | D:8      | Noticed Grum
 10484 | D:8      | Killed Grum
 10705 | D:8      | Received a gift from Nemelex Xobeh
 11317 | D:8      | Reached skill level 9 in Unarmed Combat
 11332 | D:8      | Reached skill level 1 in Dodging
 11703 | D:8      | Noticed Pikel
 11706 | D:8      | Killed Pikel
 11707 | D:8      | Reached XP level 10. HP: 63/84 MP: 15/15
 12599 | D:9      | Reached ** piety under Nemelex Xobeh
 12615 | D:9      | Found a snail-covered altar of Cheibriados.
 13136 | D:9      | Noticed a cyclops
 13140 | D:9      | Noticed a centaur warrior
 13145 | D:9      | Killed a cyclops
 13156 | D:9      | Killed a centaur warrior
 13157 | D:9      | Reached skill level 10 in Unarmed Combat
 13349 | D:9      | Noticed a centaur warrior
 13365 | D:9      | Slain by a centaur warrior

Illustrated notes

Levels and vault maps discovered:
D:1:      psy_arrival_spokes, layout_basic, hellmonk_ecumenical_altar_lost_god,
          feat_on_display
D:2:      layout_basic
D:3:      due_chaos_kobolds, layout_loops_ring, small_statue_intersection,
          st_stairs_2, minmay_quadrilaterals
D:4:      layout_basic, uniq_blork_the_orc, uniq_duvessa, uniq_grinder
D:5:      layout_basic, old_standard_altar, st_stairs_3
D:6:      layout_loops_ring, minmay_temple_entry_arrows, serial_shops,
          shop_fountains, hangedman_decor_slide_cut, uniq_maggie
D:7:      layout_gridville, kennysheep_mini_moat, minmay_tree_intersection,
          nicolae_wooded_promenade
D:8:      layout_basic, hex_intersection, kennysheep_nondescript,
          chequers_serial_rivers_small_a, uniq_pikel, uniq_grum
D:9:      nzn_winding_woodlands_cross [nzn_winding_woodlands_5x15_longhouse,
          nzn_winding_woodlands_5x15_sidewinder,
          nzn_winding_woodlands_5x15_lazy_stream,
          nzn_winding_woodlands_5x15_parted,
          nzn_winding_woodlands_15x15_thick_spiral], layout_loops_ring,
          tgw_trog, lemuel_round_altar, grunt_temple_overflow_open,
          nicolae_qazlal_eye_of_the_storm, serial_glass, glass_columns_a,
          glass_columns_c, amcnicky_mini_rare_corridor_liquid
Temple:   nicolae_temple_hex_pool

Skill      XL: |  1  2  3  4  5  6  7  8  9 10 |
---------------+-------------------------------+-----
Fighting       | 2 3 4 5 6 8 9 |  9.3
Unarmed Combat | 1 2 3 4 5 6 7 9 10 | 10.0
Armour         | 2 3 4 |  4.3
Invocations    | 4 7 |  7.3
Dodging        | 2 3 |  3.2
Stealth        | |  0.9
Evocations     | |  3.0

Action                   |  1- 3 |  4- 6 |  7- 9 | 10-12 || total
-------------------------+-------+-------+-------+-------++-------
Melee: Club              |    22 |       |       |       ||    22
       Unarmed           |   122 |   150 |   310 |    93 ||   675
       Punch             |     3 |     2 |    17 |     5 ||    27
Invok: Draw Destruction  |       |       |     3 |     2 ||     5
       Draw Summoning    |       |       |       |     4 ||     4
       Draw Escape       |       |       |       |     2 ||     2
Evoke: Wand              |       |    15 |    20 |     2 ||    37
  Use: Scroll            |     5 |     4 |     6 |     3 ||    18
       Potion            |       |     1 |       |     1 ||     2
 Stab: Sleeping          |     3 |     1 |       |       ||     4
       Distracted        |       |       |       |     1 ||     1
Armor: Leather armour    |    48 |    16 |       |       ||    64
       Scale mail        |       |     2 |    83 |    31 ||   116
       Chain mail        |       |       |    43 |       ||    43
Dodge: Dodged            |    77 |    71 |   117 |    44 ||   309
Block: Other             |       |    13 |    46 |     9 ||    68

Table legend: (Time is in decaauts)
 A = Elapsed time spent in this place.
 B = Non-inter-level travel time spent in this place.
 C = Inter-level travel time spent in this place.
 D = Time resting spent in this place.
 E = Time spent auto-exploring this place.
 F = Levels seen in this place.
 G = Mean time per level.
                   A        B        C        D        E       F      G
               +--------+--------+--------+--------+--------+-----+--------+
         Total |  13328 |  12801 |    527 |   2780 |   8204 |  10 | 1332.8 |
       Dungeon |  13185 |  12677 |    508 |   2744 |   8133 |   9 | 1465.0 |
        Temple |    142 |    123 |     19 |     36 |     71 |   1 |  142.0 |
               +--------+--------+--------+--------+--------+-----+--------+

Top non-repeatable levels by time:
     D:3: 2296 daAuts
     D:8: 2028 daAuts
     D:5: 1808 daAuts
     D:1: 1672 daAuts
     D:4: 1628 daAuts
     D:7: 1160 daAuts
     D:9: 1025 daAuts
     D:6: 957 daAuts
     D:2: 607 daAuts
  Temple: 142 daAuts
